 Dungeon Crawl Stone Soup version 0.31.0-12-g77e489cdc1 (webtiles) character file.

Game seed: 12707074418761960251

235 gentooman the Gusty (level 5, 0/39 HPs)
             Began as a Draconian Air Elementalist on Feb 26, 2024.
             Slain by a scorpion (5 damage)
             ... on level 4 of the Dungeon on Feb 28, 2024.
             The game lasted 01:28:10 (2726 turns).

gentooman the Gusty (Draconian Air Elementalist)    Turns: 2726, Time: 01:28:11

Health: 0/39       AC:  5    Str: 10    XL:     5   Next: 76%
Magic:  2/9        EV: 12    Int: 18    God:
Gold:   150        SH:  0    Dex: 11    Spells: 4/10 levels left

rFire   . . .        i - +0 short sword
rCold   . . .        (no shield)
rNeg    . . .        (body armour unavailable)
rPois   .            (helmet restricted)
rElec   .            (no cloak)
rCorr   .            (no gloves)
SInv    .            (no boots)
Will    .....        (no amulet)
Stlth   ++           (no ring)
HPRegen 0.26/turn    (no ring)
MPRegen 0.11/turn

%: no passive effects
@: no status effects
A: AC +5, unfitting armour, cold-blooded
a: no special abilities


You were on level 4 of the Dungeon.
You visited 1 branch of the dungeon, and saw 4 of its levels.

You collected 150 gold pieces.

Inventory:

Hand Weapons
 e - a +0 dagger
 i - a +0 short sword (weapon)
 j - a +0 long sword
 p - a +0 sling
 s - a +1 sling of freezing
Missiles
 b - 15 stones (quivered)
Armour
 q - a +1 hat
 v - a +0 buckler
Scrolls
 c - 3 scrolls of identify {unknown}
 f - a scroll of blinking {unknown}
 g - a scroll of noise {unknown}
 h - 2 scrolls of teleportation {unknown}
 n - a scroll of enchant weapon {unknown}
 t - a scroll of acquirement {unknown}
 w - 3 scrolls of revelation {unknown}
 x - a scroll of fear {unknown}
Potions
 a - a potion of magic
 d - a potion of mutation {unknown}
 k - 2 potions of lignification {unknown}
 l - a potion of haste {unknown}
 m - a potion of attraction {unknown}
 o - a potion of heal wounds {unknown}
 r - a potion of curing {unknown}
 u - a potion of cancellation {unknown}


   Skills:
 + Level 0.4 Fighting
 + Level 1.2 Short Blades
 + Level 2.3 Dodging
 + Level 2.1 Stealth
 + Level 0.2 Unarmed Combat
 + Level 3.1 Spellcasting
 + Level 2.6 Conjurations
 + Level 4.4 Air Magic


You had 4 spell levels left.
You knew the following spells:

 Your Spells              Type           Power      Damage    Failure   Level
a - Shock                 Conj/Air       60%        1d6       3%          1
b - Swiftness             Air            18%        N/A       8%          3
c - Static Discharge      Conj/Air       30%        3-5/arc   5%          2

Your spell library contained the following spells:

 Spells                   Type           Power      Damage    Failure   Level
 Slow                     Hex            8%         N/A       16%         1
 Airstrike                Air            9%         2d(2-18)  26%         4
 Confusing Touch          Hex            2%         N/A       43%         3
 Fugue of the Fallen      Necr           2%         N/A       43%         3
 Inner Flame              Hex/Fire       2%         N/A       43%         3
 Ozocubu's Armour         Ice            2%         N/A       43%         3
 Sigil of Binding         Hex            2%         N/A       43%         3
 Tukima's Dance           Hex            2%         N/A       43%         3
 Vampiric Draining        Necr           2%         2d6       43%         3
 Flame Wave               Conj/Fire      7%         2d5       67%         4
 Manifold Assault         Tloc           2%         N/A       85%         4
 Sticky Flame             Fire/Alch      2%         2d4       85%         4
 Yara's Violent Unravell  Hex/Alch       1%         3d3       99%         5


Dungeon Overview and Level Annotations

Branches:
Dungeon (4/15)             Temple (0/1) D:4

Altars:

Shops:
D:2 [

Annotations:
D:4 Dowan, Duvessa


Innate Abilities, Weirdness & Mutations

Your plain brown scales are hard. (AC +5)
You cannot fit into any form of body armour.
You are cold-blooded and may be slowed by cold attacks.


Message History

The scorpion is severely wounded.
You feel very sick. The scorpion stings you. The scorpion closely misses you.
You barely miss the scorpion.
The scorpion is severely wounded.
You feel sick.
The scorpion stings you but does no damage.
You closely miss the scorpion.
The scorpion is severely wounded.
You feel sick.
The scorpion stings you but does no damage.
You hit the scorpion.
The scorpion is severely wounded.
You feel sick. The scorpion stings you.
You hit the scorpion but do no damage.
The scorpion is severely wounded.
You feel sick.
The scorpion stings you but does no damage.
You barely miss the scorpion.
The scorpion is severely wounded.
You feel sick.
The scorpion stings you but does no damage.
You hit the scorpion.
The scorpion is severely wounded.
You feel sick. The scorpion closely misses you.
You hit the scorpion but do no damage.
The scorpion is severely wounded.
You feel sick. The scorpion stings you!
* * * LOW HITPOINT WARNING * * *
Casting: Shock (safe; 3% risk of failure)
Confirm with . or Enter, or press ? or * to list all spells.
Aiming: Shock (safe; 3% risk of failure)
Press: ? - help, Shift-Dir - straight line, f/p - scorpion
Aim: a scorpion (severely wounded, 71% to hit)
The zap hits the scorpion.
The scorpion is severely wounded.
You feel sick.
You are no longer poisoned.
The scorpion closely misses you. The scorpion stings you.
You die...

................. ..
...............#. . .#
.........<.....#. #. ..
###.....†........ ##. .###
##[............ .... ..#
##.........#..
.....##.#######........#..
........#.#.##....###..#
........s@........# .##
.......$##......### ##
...##...#.......# .
#.###.......#
#...........##
##............#
###.....##.### ###...####
#.###


You could see a scorpion.

Vanquished Creatures
  2 hounds (D:4)
  An iguana (D:4)
  4 adders
  A shadow imp (D:4)
  5 dart slugs
  6 orcs
  6 ball pythons
  8 endoplasms
  2 giant cockroaches
  6 goblins
  10 hobgoblins
  8 jackals (D:1)
  4 quokkas (D:1)
  10 bats
  3 frilled lizards
  4 kobolds
  8 rats
88 creatures vanquished.

Notes
Turn   | Place    | Note
-------+----------+-------------------------------------------
     0 | D:1      | gentooman the Draconian Air Elementalist began the quest
                  | for the Orb.
     0 | D:1      | Reached XP level 1. HP: 14/14 MP: 3/3
   272 | D:1      | Reached XP level 2. HP: 20/20 MP: 3/5
   514 | D:1      | Reached XP level 3. HP: 26/26 MP: 0/6
  1043 | D:2      | Found Heimoem's Antique Armour Boutique.
  1065 | D:2      | Reached skill level 1 in Short Blades
  1117 | D:2      | Reached XP level 4. HP: 33/33 MP: 3/7
  1282 | D:2      | Got the Catalogue of the Voltaic Maleficium
  1287 | D:2      | Learned a level 3 spell: Swiftness
  1390 | D:1      | Learned a level 2 spell: Static Discharge
  1555 | D:1      | Reached skill level 4 in Air Magic
  2176 | D:3      | Found a faded altar of an unknown god.
  2330 | D:4      | Noticed Duvessa
  2332 | D:4      | Noticed Dowan
  2335 | D:4      | Reached XP level 5. HP: 30/38 MP: 3/9
  2544 | D:4      | Found a staircase to the Ecumenical Temple.
  2726 | D:4      | Slain by a scorpion

Illustrated notes

Levels and vault maps discovered:
D:1:      lightli_arrival_lavapool, layout_basic, nrook_loot_triangle,
          minmay_domino_4
D:2:      layout_basic, serial_shops, shop, minmay_fountain_box, minivault_19,
          serial_bayou_lake_a
D:3:      layout_basic, shapermc_ecumenical_altar_pompeii,
          nicolae_underground_beach
D:4:      layout_cave_pools, temple_fountains, minmay_pentomino_pile,
          uniq_duvessa

Skill      XL: |  1  2  3  4  5 |
---------------+----------------+-----
Dodging        | 2 |  2.3
Short Blades   | 1 |  1.2
Air Magic      | 4 |  4.4
Conjurations   | 2 |  2.6
Stealth        | 2 |  2.1
Spellcasting   | 3 |  3.1
Fighting       | |  0.4
Unarmed Combat | |  0.2

Action                     |  1- 3 |  4- 6 || total
---------------------------+-------+-------++-------
  Melee: Unarmed           |    14 |       ||    14
         Dagger            |    16 |       ||    16
         Tailslap          |    10 |     9 ||    19
         Short sword       |    54 |    92 ||   146
   Cast: Shock             |    65 |    60 ||   125
         Static Discharge  |       |     9 ||     9
   Stab: Sleeping          |       |     1 ||     1
 Armour: Skin              |    42 |    66 ||   108
  Dodge: Dodged            |    54 |    63 ||   117
